Zazza, neutral female human Tourist -------- ------------- |......| ########## ##............| |......| # -----# ----- # |...........| |......-## |...|# |...| ### |...........| |>.....| |<..|######....| # |...........| #-....*.| |{..| |...| ------------#m# ----.-------- ###|......| #....| |...| |.........$|@ ######### # --+----- #|...-# --.-- |..........f# # # #-----# ## |[.......!+| ### # # # # ------------ # # # # # ### -------.--------# # # # |.........*....-# # ## # |..............|### --------# #-----.------ |..............|# # |......|# #|..........| |..............|# #####..>.....# #...........| ---------------- |......| |.._.......| -------- ------------ Zazza the Rambler Experience level: 2 Strength: 11 Dexterity: 13 Constitution: 12 Intelligence: 13 Wisdom: 9 Charisma: 18 Health: 0(19) Energy: 7(7) Def: 3 Gold: 0 Moves: 2166 Dungeon seed: C1Qpp0YC4PHdh2ns Game ID: Zazza_1598734868 Your Inventory: Weapons a - 31 +2 darts (in quiver) o - a +0 orcish dagger C - a +0 elven dagger (weapon in hand) Armor e - a blessed +0 Hawaiian shirt (being worn) n - an uncursed +0 small shield (being worn) y - a blessed +1 orcish helm (being worn) Comestibles b - 4 uncursed eggs c - 4 uncursed food rations f - an uncursed tripe ration r - an uncursed eucalyptus leaf z - 2 uncursed eggs E - an uncursed apple G - 2 uncursed sprigs of wolfsbane Scrolls i - 5 uncursed scrolls of magic mapping m - an uncursed scroll of create monster v - a cursed scroll of teleportation x - a blessed scroll of taming D - an uncursed scroll of light K - an uncursed scroll of remove curse Spellbooks l - an uncursed spellbook of confuse monster Potions h - 2 uncursed potions of extra healing p - an uncursed potion of sleeping s - 2 uncursed potions of paralysis B - a blessed potion of restore ability J - an uncursed potion of see invisible S - an uncursed potion of object detection Rings t - an uncursed ring of polymorph control Wands Q - a wand of undead turning (0:8) Tools d - an uncursed blindfold j - an expensive camera (0:52) u - an uncursed pair of lenses (being worn) w - a blessed oil lamp (lit) (0:53) P - an uncursed skeleton key U - an uncursed mirror Gems q - an uncursed fluorite stone Spells and supernatural/magical abilities: Name Level Category Fail Memory u - confuse monster 2 enchantment 100% 98% W - pray for help -- divine ? -- Your skills at the end: Fighting Skills Weapon Skills dart [Basic] Spellcasting Skills Final Attributes: You were stridently aligned. You are dead. Vanquished creatures: a hobbit a green mold 2 geckos 5 jackals 2 foxes 3 kobolds 2 goblins 13 grid bugs a bat 5 lichens a kobold zombie 7 newts 43 creatures vanquished. Voluntary challenges: You used a wielded weapon 2 times, starting on turn 1552. You read items or engraved 9 times, starting on turn 1220. You never genocided any monsters. You never polymorphed an object. You never changed form. You used no wishes. You never split a pudding. You wrote Elbereth's name 2 times, starting on turn 1221. You never violated your personal moral code. Dungeon overview: The Dungeons of Doom: levels 1 to 3 Level 1 some altars to The Lady, a fountain a long staircase Level 2 some fountains, a sink Level 3 <- You were here a general store, an altar to The Lady, a fountain a long staircase History has recorded: On T:1 you entered the Dungeons of Doom to retrieve the Amulet of Yendor! On T:538 you reached level 2 of The Dungeons of Doom. On T:863 you reached level 3 of The Dungeons of Doom. On T:1559 you advanced to experience level 2. Score breakdown: Gold: 0 ( 0 points) Experience: 2 levels ( 5570 points) Exploration: 3 levels ( 6.00%) ( 6060 points) Discoveries: 7 items ( 2.35%) ( 4597 points) Valuables value: (no points given unless you survive) Artifact value: 0 ( 0 points) Variety of kills: 12 monsters ( 3.15%) ( 5324 points) Turncount: 2166 turns ( -118 points) Survival: died (score multiplied by 80%) Total score: 17146 Latest messages: The price is deducted from your credit. You bought a scroll labeled PRIRUTSENIE for 178 gold pieces. The price is deducted from your credit. You bought a scroll of light for 44 gold pieces. "Thank you for shopping in Pakka Pakka's general store!" Your wallet is empty. You have 269 zorkmids credit at Pakka Pakka's general store. You don't owe any money here. The small mimic hits! You stop. Armand is in the way! There are a few objects here. Armand picks up a black potion. Armand drops a black potion. Armand picks up a white potion. You stop. Armand is in the way! Armand drops a white potion. You displace Armand. Something is written here in the dust. You read: "( c? ?o? ? ??tc v". You see here a white potion. s - an uncursed white potion. The small mimic hits! You die... Final status: Aloha Zazza the Tourist, killed by a small mimic... You died in The Dungeons of Doom on dungeon level 3 with 17146 points, and 0 pieces of gold, after 2166 moves. You were level 2 with a maximum of 19 hit points when you died.